 Dungeon Crawl Stone Soup version 0.25.1-2-g60ff931df9 (webtiles) character file.

Game seed: 4880012753311013850

48 DildoBatman the Magician (level 4, 0/30 HPs)
             Began as a Formicid Wizard on Aug 22, 2020.
             Killed by nerve-wracking pain
             ... invoked by an orc priest
              (11 damage)
             ... on level 3 of the Dungeon.
             The game lasted 00:03:48 (1494 turns).

DildoBatman the Magician (Formicid Wizard)          Turns: 1494, Time: 00:03:49

Health: 0/30       AC:  2    Str: 12    XL:     4   Next: 0%
Magic:  8/8        EV: 12    Int: 18    God:
Gold:   95         SH:  0    Dex:  9    Spells: 2/9 levels left

rFire    . . .     SeeInvis +   h - +0 short sword
rCold    . . .     Gourm    .   (no shield)
rNeg     . . .     Faith    .   a - +0 robe
rPois    .         Spirit   .   (helmet unavailable)
rElec    .         Reflect  .   (no cloak)
rCorr    .         Harm     .   (no gloves)
MR       .....                  (no boots)
Stlth    +.........             (no amulet)
HPRegen  0.10/turn              r - ring of attention (curse)
MPRegen  0.11/turn              (no ring)

@: no status effects
A: permanent stasis, dig shafts and tunnels, four strong arms, antennae 3
a: Dig, Shaft Self


You were on level 3 of the Dungeon.
You were not hungry.

You visited 1 branch of the dungeon, and saw 3 of its levels.

You collected 95 gold pieces.

Inventory:

Hand Weapons
 c - a +0 club
 h - a +0 short sword (weapon)
 s - a cursed +0 battleaxe
Missiles
 f - 57 stones (quivered)
 j - 19 arrows
 k - 2 boomerangs
Armour
 a - a +0 robe (worn)
Jewellery
 r - a cursed ring of attention (left hand)
Scrolls
 b - 2 scrolls of teleportation {unknown}
 d - a scroll of fog {unknown}
 e - 3 scrolls of fear {unknown}
 l - a scroll of enchant weapon {unknown}
 m - a scroll of random uselessness {unknown}
 o - a scroll of magic mapping {unknown}
 p - 2 scrolls of identify {unknown}
Potions
 g - a potion of curing {unknown}
 i - a potion of mutation {unknown}
 q - a potion of brilliance {unknown}
Comestibles
 n - 3 chunks of flesh
 v - 2 rations


   Skills:
 - Level 1.7 Dodging
 - Level 2.4 Stealth
 - Level 3.2 Spellcasting
 * Level 3.1 Conjurations
   Level 1.0 Summonings
   Level 0.8 Translocations


You had 2 spell levels left.
You knew the following spells:

 Your Spells              Type           Power        Failure   Level  Hunger
a - Conjure Flame         Conj/Fire      #.......     26%         3    ###....
c - Magic Dart            Conj           ##..         4%          1    None
e - Mephitic Cloud        Conj/Pois/Air  #.......     30%         3    ###....

Your spell library contained the following spells:

 Spells                   Type           Power        Failure   Level  Hunger
 Call Imp                 Summ           #.......     16%         2    ##.....
 Slow                     Hex            #.......     24%         2    ##.....
 Blink                    Tloc           Unusable     N/A         2    N/A

Dungeon Overview and Level Annotations

Branches:
Dungeon (3/15)

Altars:


Innate Abilities, Weirdness & Mutations

You cannot be hasted, slowed, berserked, paralysed or teleported.
You can dig through walls and to a lower floor.
Your four strong arms can wield two-handed weapons with a shield.
You have a pair of large antennae on your head. (SInv)


Message History

What are your orders? t - Shout!
Orders for allies: a - Attack new target. r - Retreat! s - Stop attacking. g - Guard the area. f - Follow me.
Anything else - Cancel.
You shout for attention!
The rat bites you. The orc priest barely misses you.
What are your orders? t - Shout!
Orders for allies: a - Attack new target. r - Retreat! s - Stop attacking. g - Guard the area. f - Follow me.
Anything else - Cancel.
You shout for attention!
The rat closely misses you.
The orc priest calls down the wrath of Beogh upon you.
Pain shoots through your body!
You die...

##### ...
#..
##.###.####
#..........
#.<###.###.
#.#@oo...#
#.....ro...#
#...#.#...##
#...#.#.).#
#..<..# ..#
....#### ..#
..... ..
.... ...


You could see 2 orc priests, an orc and a rat.

Vanquished Creatures
  An adder (D:2)
  An ooze (D:1)
  A worm (D:1)
  A leopard gecko (D:1)
  2 giant cockroaches
  6 hobgoblins
  5 kobolds
  A ball python (D:2)
  A bat (D:2)
  A frilled lizard (D:1)
  6 goblins
  3 rats (D:1)
29 creatures vanquished.

Notes
Turn   | Place    | Note
-------+----------+-------------------------------------------
     0 | D:1      | DildoBatman the Formicid Wizard began the quest for the
                  | Orb.
     0 | D:1      | Reached XP level 1. HP: 13/13 MP: 4/4
    76 | D:1      | Reached skill level 1 in Conjurations
   290 | D:1      | Reached XP level 2. HP: 19/19 MP: 4/6
   815 | D:1      | Reached XP level 3. HP: 24/24 MP: 3/7
   820 | D:1      | Learned a level 3 spell: Conjure Flame
   824 | D:1      | Learned a level 3 spell: Mephitic Cloud
  1425 | D:2      | Reached XP level 4. HP: 30/30 MP: 5/8
  1494 | D:3      | Killed from afar by an orc priest

Illustrated notes

Levels and vault maps discovered:
D:1:      heliophobic_arrival_ceremonial_halls, layout_basic, minmay_domino_2
D:2:      layout_rooms
D:3:      layout_basic, nemelex_dance_club_becter, uniq_sigmund, uniq_robin

Skill      XL: |  1  2  3 |
---------------+----------+-----
Conjurations   | 1 2 3 |  3.1
Dodging        | |  1.7
Stealth        | |  2.4
Spellcasting   | |  3.2
Summonings     | |  1.0
Translocations | |  0.8

Action                   |  1- 3 |  4- 6 || total
-------------------------+-------+-------++-------
Melee: Short sword       |     7 |       ||     7
Throw: Stone             |     9 |       ||     9
 Cast: Magic Dart        |    68 |     1 ||    69
       Mephitic Cloud    |     1 |       ||     1
 Abil: Dig               |     4 |       ||     4
  Eat: Chunk             |     1 |     1 ||     2
Armor: Robe              |       |     2 ||     2
Dodge: Dodged            |     6 |     9 ||    15
